 Dungeon Crawl Stone Soup version 0.31-a0-237-g2d982f9f85 (webtiles) character file.

Game seed: 8108773926263110077

63 qw the Shooter (level 3, -6/29 HPs)
             Began as a Minotaur Hexslinger on July 11, 2023.
             Succumbed to a kobold brigand's curare-tipped dart
             ... on level 3 of the Dungeon.
             The game lasted 00:00:36 (1677 turns).

qw the Shooter (Minotaur Hexslinger)                Turns: 1677, Time: 00:00:36

Health: -6/29      AC:  5    Str: 12    XL:     3   Next: 87%
Magic:  3/3        EV: 12    Int: 10    God:
Gold:   72         SH:  0    Dex: 14    Spells: 3/4 levels left

rFire   . . .        Y - +3 sling
rCold   . . .        (no shield)
rNeg    . . .        h - +0 leather armour
rPois   .            e - +2 hat
rElec   .            (no cloak)
rCorr   .            (no gloves)
SInv    .            (no boots)
Will    .....        g - amulet of the acrobat
Stlth   +            (no ring)
HPRegen 0.24/turn    (no ring)
MPRegen 0.08/turn

%: acrobat
@: lethally poisoned (-6 -> -27), slowed, very slow
A: horns 2, retaliatory headbutt
a: no special abilities


You were on level 3 of the Dungeon.
You visited 1 branch of the dungeon, and saw 3 of its levels.

You collected 72 gold pieces.


Innate Abilities, Weirdness & Mutations

You have a pair of horns on your head.
You reflexively headbutt those who attack you in melee.


   Skills:
 - Level 2.0 Fighting
 + Level 4.4 Ranged Weapons
 - Level 2.1 Dodging
 - Level 1.0 Spellcasting
 - Level 2.0 Hexes


You had 3 spell levels left.
You knew the following spells:

 Your Spells              Type           Power      Damage    Failure   Level
a - Slow                  Hex            16%        N/A       19%         1

Your spell library contained the following spells:

 Spells                   Type           Power      Damage    Failure   Level
 Inner Flame              Hex/Fire       2%         N/A       65%         3
 Portal Projectile        Hex/Tloc       4%         N/A       65%         3
 Cause Fear               Hex            2%         N/A       88%         4

Inventory:

Hand Weapons
 Y - a +3 sling (weapon)
Armour
 e - a +2 hat (worn)
 h - a +0 leather armour (worn)
Jewellery
 g - an amulet of the acrobat (around neck)
Scrolls
 c - a scroll of identify
Potions
 d - a potion of heal wounds {unknown}
 f - a potion of enlightenment

Dungeon Overview and Level Annotations

Branches:
Dungeon (3/15)

Altars:


Message History

The kobold brigand shouts!
The kobold brigand throws a curare-tipped dart.
The curare-tipped dart barely misses you.
Enter note: You shoot a sling bullet.
The sling bullet closely misses the kobold brigand.
A kobold comes into view. It is wielding a +0 dagger.
You shoot a sling bullet.
The sling bullet barely misses the kobold brigand.
The kobold shouts!
The kobold brigand throws a curare-tipped dart.
The curare-tipped dart closely misses you.
You shoot a sling bullet.
The sling bullet closely misses the kobold brigand.
You shoot a sling bullet.
The sling bullet closely misses the kobold brigand.
The kobold brigand throws a curare-tipped dart.
The curare-tipped dart barely misses you.
You shoot a sling bullet.
The sling bullet hits the kobold brigand.
The kobold brigand is lightly wounded.
The kobold brigand throws a curare-tipped dart.
The curare-tipped dart hits you.
You are poisoned.
You have difficulty breathing.
You feel yourself slow down.
You shoot a sling bullet. The sling bullet hits the kobold.
You kill the kobold!
You feel very sick.
You shoot a sling bullet.
The sling bullet closely misses the kobold brigand.
You feel sick.
The kobold brigand throws a curare-tipped dart.
The curare-tipped dart hits you.
You are lethally poisoned!
You have difficulty breathing.
You feel as though you will be slow longer.
You shoot a sling bullet.
The sling bullet hits the kobold brigand.
The kobold brigand is moderately wounded.
You die...

......# ......#..
.....%#.. .........
.......####
.......~~~####
....#~~~~~~~~ ###
#..#~~~~~~~~######...###
..)####~~~###...@)K)...#
.#.)..#####...^...###...
.#....)))....######
...###.....### ####
####### #


You could see a kobold brigand.

Vanquished Creatures
  2 adders (D:2)
  2 dart slugs
  6 bats
  2 endoplasms (D:1)
  2 giant cockroaches
  4 hobgoblins
  3 quokkas (D:1)
  2 ball pythons
  A frilled lizard (D:2)
  2 goblins (D:2)
  10 kobolds
  4 rats
40 creatures vanquished.

Notes
Turn   | Place    | Note
-------+----------+-------------------------------------------
     0 | D:1      | qw the Minotaur Hexslinger began the quest for the Orb.
     0 | D:1      | Reached XP level 1. HP: 16/16 MP: 1/1
     0 | D:1      | 0 ||| qw: Version: 0.3-a-52-g30416fa
     0 | D:1      | 0 ||| qw: Game counter: 5567
     0 | D:1      | 0 ||| qw: Melee chars always use a shield: true
     0 | D:1      | 0 ||| qw: God list: Okawaru
     0 | D:1      | 0 ||| qw: Allow faded altars: false
     0 | D:1      | 0 ||| qw: Do Orc after clearing Dungeon:15 true
     0 | D:1      | 0 ||| qw: Do second Lair branch before Depths: true
     0 | D:1      | 0 ||| qw: Lair rune preference: random
     0 | D:1      | 0 ||| qw: Goals: Normal
     0 | D:1      | 0 ||| PLANNING D:1-11
    78 | D:1      | 78 ||| FLEEEEING.
    79 | D:1      | 79 ||| FLEEEEING.
    80 | D:1      | 80 ||| FLEEEEING.
    96 | D:1      | 96 ||| FLEEEEING.
    97 | D:1      | 97 ||| FLEEEEING.
    98 | D:1      | 98 ||| FLEEEEING.
   227 | D:1      | Reached skill level 3 in Ranged Weapons
   267 | D:1      | Reached XP level 2. HP: 23/23 MP: 2/2
   967 | D:1      | 967 ||| UPGRADING to +0 leather armour.
   977 | D:1      | 977 ||| DROPPING +0 robe.
   978 | D:1      | 978 ||| READING 3 scrolls labelled AGHIMONKAO.
   979 | D:1      | 979 ||| READING scroll labelled KITEUT CIQ.
   980 | D:1      | 980 ||| DRINKING 2 fuming orange potions.
   981 | D:1      | 981 ||| DRINKING 2 coppery potions.
   982 | D:1      | 982 ||| DROPPING 2 scrolls of immolation.
   983 | D:1      | 983 ||| DROPPING scroll of poison.
   984 | D:1      | 984 ||| DROPPING potion of invisibility.
  1012 | D:2      | Reached XP level 3. HP: 29/29 MP: 3/3
  1358 | D:2      | Reached skill level 4 in Ranged Weapons
  1575 | D:2      | 1575 ||| UPGRADING to +2 hat.
  1580 | D:2      | 1580 ||| UPGRADING to amulet of the acrobat.
  1585 | D:2      | 1585 ||| READING 2 scrolls labelled QISKI FUROR.
  1586 | D:2      | 1586 ||| READING scroll of enchant weapon.
  1586 | D:2      | 1586 ||| ENCHANTING +2 sling.
  1587 | D:2      | 1587 ||| READING 2 scrolls of identify.
  1587 | D:2      | 1587 ||| IDENTIFYING blue potion
  1588 | D:2      | 1588 ||| DROPPING potion of degeneration.
  1669 | D:3      | Noticed a kobold brigand
  1676 | D:3      | HP: 2/29 [asphyx]
  1677 | D:3      | Succumbed to a kobold brigand's curare-tipped dart

Levels and vault maps discovered:
D:1:      dpeg_arrival_signposts, layout_basic
D:2:      layout_rooms, serial_forest, infiniplex_forest_lined_room_,
          infiniplex_forest_lined_room_2, infiniplex_forest_fountain,
          infiniplex_forest_clump_medium, infiniplex_forest_lined_4_way,
          infiniplex_forest_end_1, reono_crystal_passage,
          wander_ebering_terrifying_dragon_lair
D:3:      cheibrodos_thug_alley, layout_basic, uniq_terence

Skill      XL: |  1  2  3 |
---------------+----------+-----
Ranged Weapons | 3 4 |  4.4
Fighting       | 2 |  2.0
Dodging        | |  2.1
Spellcasting   | |  1.0
Hexes          | |  2.0

Action                     || total
---------------------------++-------
   Fire: Sling             ||   117
    Use: Scroll            ||     5
         Potion            ||     2
 Armour: Robe              ||     6
         Leather armour    ||     2
  Dodge: Dodged            ||    23

Table legend:
 A = Non-vault XP
 B = Vault XP
 C = Vault XP percentage of total XP
 D = Non-vault monster count
 E = Vault monster count
 F = Vault count percentage of total count
                 A         B        C        D         E       F
            +---------+---------+-------+---------+---------+-------
      Total |      76 |      14 |  15.6 |      31 |       9 |  22.5
            +---------+---------+-------+---------+---------+-------
        D:1 |      28 |       0 |   0.0 |      17 |       0 |   0.0
        D:2 |      45 |       1 |   2.2 |      12 |       1 |   7.7
        D:3 |       3 |      13 |  81.2 |       2 |       8 |  80.0
            +---------+---------+-------+---------+---------+-------
